AoeStats
← Ugomez

Arabia

509960970Analyzed
3v3 RM · 4d ago on Sep 28, 2026· 81m 41s· 6 players
Game mode
Random Map
Map size
Normal (6 player)
Population
200
Speed
Normal
Resources
Standard
Victory
Conquest
Starting age
Dark Age
Ending age
Imperial Age
RankedLock teamsTeams togetherTeam positionsShared explorationLock speedFull tech treeHidden civsTurbo modeCheats
Victory
Defeat
🇩🇪 Persians · Germany
749
+18
🇹🇷 Teutons · Türkiye
745
+18
🇵🇪 Hindustanis · Peru
698
+20
🇪🇸 Magyars · Spain
920
-82
🇪🇸 Spanish · Spain
806
-19
🇪🇸 Chinese · Spain
642
-13
metinyus5
10:21 Feudal Age
11:04 Double-Bit Axe
17:45 Bloodlines
22:42 Castle Age
21:02 Scale Barding Armor
23:22 Forging
23:54 Gold Mining
24:45 Wheelbarrow
23:55 Loom
23:58 Horse Collar
33:25 Bow Saw
33:17 Heavy Plow
34:52 Hand Cart
34:23 Town Watch
36:04 Iron Casting
35:29 Scale Mail Armor
35:50 Chain Barding Armor
36:57 Stone Mining
36:37 Pikeman
37:18 Squires
37:03 Arson
42:14 Imperial Age
39:45 Town Patrol
40:36 Ballistics
40:27 Masonry
40:56 Stone Shaft Mining
42:19 Cavalier
42:21 Elite Skirmisher
44:19 Two-Man Saw
43:51 Crop Rotation
45:25 Paladin
45:28 Halberdier
48:21 Chemistry
47:11 Heated Shot
48:03 Plate Barding Armor
48:28 Blast Furnace
47:19 Fletching
50:17 Onager
50:18 Capped Ram
58:08 Bodkin Arrow
58:13 Padded Archer Armor
58:29 Chain Mail Armor
ek55
6:01 Loom
11:44 Feudal Age
13:03 Horse Collar
13:25 Double-Bit Axe
15:27 Town Watch
18:01 Wheelbarrow
22:57 Gold Mining
27:38 Castle Age
29:19 Heavy Plow
32:51 Imperial Age
31:34 Bloodlines
31:27 Husbandry
32:09 Bow Saw
33:02 Ballistics
33:06 Scale Barding Armor
33:35 Forging
36:11 Two-Man Saw
35:12 Elite Skirmisher
36:21 Town Patrol
37:24 Chain Barding Armor
38:24 Hand Cart
39:48 Chemistry
40:10 Crop Rotation
39:18 Cavalier
40:37 Gold Shaft Mining
39:59 Stone Mining
41:56 Heated Shot
42:39 Savar
46:17 Plate Barding Armor
46:19 Iron Casting
45:35 Fletching
46:48 Padded Archer Armor
47:02 Onager
47:05 Capped Ram
52:05 Conscription
53:33 Blast Furnace
52:14 Pikeman
52:54 Squires
58:02 Light Cavalry
74:11 Kamandaran
74:48 Hoardings
75:03 Caravan
80:29 Leather Archer Armor
80:09 Bodkin Arrow
81:28 Murder Holes
jeinsgon
1:00 Loom
12:41 Feudal Age
18:02 Man-at-Arms
25:09 Castle Age
23:49 Arson
25:48 Double-Bit Axe
25:48 Horse Collar
Ugomez
3:10 Loom
11:17 Feudal Age
15:58 Scale Barding Armor
20:41 Double-Bit Axe
24:13 Horse Collar
27:07 Gold Mining
30:45 Castle Age
31:20 Crossbowman
32:15 Bow Saw
32:41 Gold Shaft Mining
34:15 Wheelbarrow
33:43 Fletching
33:23 Pikeman
36:25 Thumb Ring
36:07 Light Cavalry
38:12 Ballistics
38:55 Bodkin Arrow
39:55 Hand Cart
45:39 Imperial Age
46:54 Chain Barding Armor
46:37 Bracer
46:58 Stone Mining
47:16 Heavy Plow
48:20 Two-Man Saw
49:20 Plate Barding Armor
48:33 Halberdier
48:36 Arbalester
49:21 Hussar
65:26 Chemistry
Lima3
12:10 Feudal Age
14:06 Wheelbarrow
15:12 Padded Archer Armor
15:24 Forging
19:35 Castle Age
20:34 Double-Bit Axe
20:34 Horse Collar
22:59 Hand Cart
23:44 Gold Mining
25:33 Heavy Plow
31:35 Bow Saw
34:02 Scale Barding Armor
38:14 Iron Casting
37:55 Leather Archer Armor
37:33 Fletching
43:17 Imperial Age
43:10 Ballistics
43:21 Siphons
46:26 Chemistry
47:31 Ring Archer Armor
48:15 Thumb Ring
63:00 Squires
64:30 Pikeman
65:30 Scale Mail Armor
66:34 Blast Furnace
66:10 Coinage
68:32 Halberdier
73:31 Chain Barding Armor
73:54 Husbandry
73:15 Cavalier
75:03 Paladin
76:24 Plate Barding Armor
77:57 Bloodlines
SeTaZ
10:08 Feudal Age
11:10 Man-at-Arms
13:47 Arson
14:50 Double-Bit Axe
19:38 Horse Collar
22:49 Castle Age
23:36 Castle Age
22:16 Gold Mining
22:17 Stone Mining
23:37 Fletching
24:14 Crossbowman
28:20 Gold Shaft Mining
28:19 Bodkin Arrow
29:32 Gold Shaft Mining
29:33 Stone Shaft Mining
30:33 Padded Archer Armor
31:32 Bow Saw
35:04 Leather Archer Armor
37:02 Caravan
38:10 Wheelbarrow
38:00 Ballistics
37:38 Murder Holes
37:50 Great Wall
39:13 Squires
40:52 Scale Barding Armor
40:48 Scale Mail Armor
40:58 Forging
41:02 Heavy Plow
51:32 Imperial Age
51:45 Chain Barding Armor
51:41 Chain Mail Armor
52:01 Iron Casting
52:19 Masonry
52:20 Fortified Wall
52:01 Guard Tower
52:23 Thumb Ring
56:56 Two-Man Saw
56:41 Rocketry
55:46 Elite Fire Lancer
57:01 Elite Chu Ko Nu
58:50 Chemistry
58:28 Keep
58:04 Bracer
59:04 Blast Furnace
58:36 Ring Archer Armor
58:37 Plate Mail Armor
58:27 Heavy Rocket Cart
60:32 Plate Barding Armor
59:45 Arrowslits
60:32 Hand Cart
60:03 Town Watch
60:04 Loom
72:07 Bombard Tower
76:58 Husbandry
Connection lost

Rejoining the realm…

Still unreachable

The connection could not be restored.

Session expired

The server has moved on; the page needs a fresh start.